 Dungeon Crawl Stone Soup version 0.30-a0-830-gfe289a77b0 (webtiles) character file.

Game seed: 12847615863908869213

125 NinjaNoafa the Magician (level 5, -2/35 HPs)
             Began as a Djinni Conjurer on Feb 28, 2023.
             Slain by a black bear (4 damage)
             ... on level 4 of the Dungeon.
             The game lasted 00:07:35 (2092 turns).

NinjaNoafa the Magician (Djinni Conjurer)           Turns: 2092, Time: 00:07:35

Health: -2/35      AC:  4    Str:  6    XL:     5   Next: 30%
Gold:   121        EV: 12    Int: 21    God:
                   SH:  0    Dex: 12

rFire   + + .      SeeInvis .    c - +0 short sword
rCold   x . .      Faith    +    (no shield)
rNeg    . . .      Spirit   .    a - +0 robe
rPois   ∞          Reflect  .    t - +0 helmet
rElec   .          Harm     .    n - +0 cloak
rCorr   .          Rampage  .    (no gloves)
Will    +....                    (boots unavailable)
Stlth   ++                       x - amulet of faith
HPRegen 0.25/turn                k - ring of willpower
MPRegen 0.00/turn                (no ring)

@: flying
A: sickness immunity, fire resistance 2, cold vulnerability 1, float, innate
caster, HP casting, extra vitality 1
a: no special abilities


You were on level 4 of the Dungeon.
You visited 1 branch of the dungeon, and saw 4 of its levels.

You collected 121 gold pieces.

Inventory:

Hand Weapons
 c - a +0 short sword (weapon)
Missiles
 e - 15 poisoned darts
Armour
 a - a +0 robe (worn)
 n - a +0 cloak (worn)
 t - a +0 helmet (worn)
Jewellery
 k - a ring of willpower (left hand)
 x - an amulet of faith (around neck)
Wands
 q - a wand of paralysis (13)
 v - a wand of flame (21)
Scrolls
 d - a scroll of acquirement {unknown}
 j - 4 scrolls of enchant weapon {unknown}
 l - a scroll of poison {unknown}
 m - 3 scrolls of identify {unknown}
 o - 3 scrolls of immolation {unknown}
 p - a scroll of magic mapping {unknown}
 s - a scroll of summoning {unknown}
 u - a scroll of teleportation {unknown}
Potions
 b - a potion of curing {unknown}
 f - a potion of lignification {unknown}
 g - 2 potions of might {unknown}
 h - 3 potions of haste {unknown}
 i - 2 potions of degeneration {unknown}
 r - a potion of berserk rage {unknown}
 w - a potion of attraction {unknown}
 z - a potion of invisibility {unknown}


   Skills:
 - Level 2.1 Dodging
 - Level 1.5 Stealth
 + Level 4.9 Spellcasting


You knew the following spells:

 Your Spells              Type           Power      Damage    Failure   Level
a - Magic Dart            Conj           100%       1d8       1%          1
b - Searing Ray           Conj           50%        2d6       2%          2
c - Dazzling Flash        Conj/Hex       50%        N/A       4%          3
d - Fulminant Prism       Conj/Hex       12%        3d9       14%         4
e - Iskenderun's Mystic   Conj/Tloc      25%        2d7       14%         4
f - Shock                 Conj/Air       100%       1d9       1%          1
g - Lesser Beckoning      Tloc           50%        N/A       2%          2
Your spell library was empty.

Dungeon Overview and Level Annotations

Branches:
Dungeon (4/15)
 Temple: D:4-7

Altars:
Uskayaw


Innate Abilities, Weirdness & Mutations

You are immune to sickness and miasma.
You are immune to poison.
Your flesh is very heat resistant. (rF++)
You are vulnerable to cold. (rC-)
You float through the air rather than walking.
You learn spells naturally, not from books.
Your magical power is your life essence.
You have superior vitality. (+4 MHP)


Message History

Casting: Shock (safe; 1% risk of failure)
Confirm with . or Enter, or press ? or * to list all spells.
Aiming: Searing Ray (safe; 2% risk of failure)
Press: ? - help, Shift-Dir - straight line, f/p - black bear
Aim: a black bear (heavily wounded, 85% to hit)
The searing ray hits the black bear.
The black bear is severely wounded. (Press . to maintain the ray.)
The searing ray hits the black bear.
The black bear is almost dead.
The searing ray misses the black bear.
The black bear goes berserk!
The searing ray hits the black bear.
The black bear is almost dead.
You finish channelling your searing ray.
The black bear bites you!
* * * LOW HITPOINT WARNING * * *
The black bear claws you but does no damage.
The black bear claws you.
* * * LOW HITPOINT WARNING * * *
Casting: Searing Ray (safe; 2% risk of failure)
Confirm with . or Enter, or press ? or * to list all spells.
Aiming: Searing Ray (safe; 2% risk of failure)
Press: ? - help, Shift-Dir - straight line, f/p - black bear
Aim: a black bear (almost dead, berserk, 85% to hit)
The searing ray misses the black bear. (Press . to maintain the ray.)
* * * LOW HITPOINT WARNING * * *
The black bear misses you. The black bear claws you.
* * * LOW HITPOINT WARNING * * *
The black bear claws you.
* * * LOW HITPOINT WARNING * * *
The black bear barely misses you. The black bear closely misses you.
The black bear barely misses you.
Okay, then.
The searing ray misses the black bear.
* * * LOW HITPOINT WARNING * * *
The black bear bites you.
* * * LOW HITPOINT WARNING * * *
The black bear claws you.
You die...

#.....#...!......#
##....... .........
#....... ........#
#.#....# #<......#
###.#....# #........
#.#.#....# #........
#.[......####........
#.....).)..).@h.....$
#......##..........>#
#......#####.........
#......########..####
#.#######.......##
#.# ####.<# ## #.#
#....## ##.###.####
#......#


You could see a black bear (berserk).

Vanquished Creatures
  Ijyb (D:3)
  3 adders
  An orc (D:3)
  12 ball pythons
  2 bats
  6 endoplasms
  2 giant cockroaches
  6 goblins
  8 hobgoblins
  4 jackals (D:2)
  A quokka (D:1)
  A frilled lizard (D:1)
  13 kobolds
  9 rats
69 creatures vanquished.

Vanquished Creatures (others)
  A fulminant prism (D:3)
  14 toadstools (D:1)
15 creatures vanquished.

Grand Total: 84 creatures vanquished

Notes
Turn   | Place    | Note
-------+----------+-------------------------------------------
     0 | D:1      | NinjaNoafa the Djinni Conjurer began the quest for the Orb.
     0 | D:1      | NinjaNoafa set off with the following spells memorised:
                  | Magic Dart, Searing Ray, Dazzling Flash, Fulminant Prism,
                  | Iskenderun's Mystic Blast.
     0 | D:1      | Reached XP level 1. HP: 15/15 MP: 0/0
    65 | D:1      | Reached XP level 2. HP: 14/21 MP: 0/0
   301 | D:1      | Reached XP level 3. HP: 22/25 MP: 0/0
   301 | D:1      | Learned a level 1 spell: Shock
   439 | D:1      | Reached skill level 4 in Spellcasting
   710 | D:2      | Found a hide-covered altar of Uskayaw.
   866 | D:2      | Reached XP level 4. HP: 30/31 MP: 0/0
  1158 | D:3      | Noticed Ijyb
  1163 | D:3      | Killed Ijyb
  1416 | D:3      | Reached XP level 5. HP: 26/35 MP: 0/0
  1416 | D:3      | Learned a level 2 spell: Lesser Beckoning
  2083 | D:4      | Noticed a black bear
  2092 | D:4      | Slain by a black bear

Illustrated notes

Levels and vault maps discovered:
D:1:      nagdon_arrival_zigzag_paths, layout_basic, minmay_misc_feat_rugged
D:2:      layout_basic, basic_altar
D:3:      layout_rooms, chequers_serial_rivers_room_b, grunt_decor_clamped,
          kennysheep_path_1, uniq_ijyb
D:4:      layout_rooms, minmay_temple_entry_nine_rooms

Skill      XL: |  1  2  3 |
---------------+----------+-----
Spellcasting   | 4 |  4.9
Dodging        | |  2.1
Stealth        | |  1.5

Action                     |  1- 3 |  4- 6 || total
---------------------------+-------+-------++-------
  Melee: Short sword       |     5 |    18 ||    23
   Cast: Magic Dart        |    52 |    31 ||    83
         Searing Ray       |     5 |     6 ||    11
         Shock             |     7 |    10 ||    17
         Dazzling Flash    |     1 |     1 ||     2
         Fulminant Prism   |       |     1 ||     1
         Lesser Beckoning  |       |     1 ||     1
 Armour: Robe              |     4 |    10 ||    14
  Dodge: Dodged            |    11 |    28 ||    39

Table legend: (Time is in decaauts)
 A = Elapsed time spent in this place.
 B = Non-inter-level travel time spent in this place.
 C = Inter-level travel time spent in this place.
 D = Time resting spent in this place.
 E = Time spent auto-exploring this place.
 F = Levels seen in this place.
 G = Mean time per level.
                   A        B        C        D        E       F      G
               +--------+--------+--------+--------+--------+-----+--------+
         Total |   2091 |   1822 |    269 |      0 |    796 |   4 |  522.8 |
       Dungeon |   2091 |   1822 |    269 |      0 |    796 |   4 |  522.8 |
               +--------+--------+--------+--------+--------+-----+--------+

Top non-repeatable levels by time:
     D:2: 805 daAuts
     D:1: 640 daAuts
     D:3: 605 daAuts
     D:4: 39 daAuts
